Unix NetHack Version 5.0.0-0 post-release - last build May 10 2026 23:12:36 (d1fa5d53e341ca933230fdaa984d921c805b60aa,branch:main).

Game began 2026-05-12 18:16:51, ended 2026-05-12 18:52:09.

CaptainEquinox, neutral female human Valkyrie

                        -----------------------------
                        |.^=^^^^^^^^^^^..^.....|....|
                        |+----------------`.d.`|```.|
                        |.........|      |.``)%.%...|
                        |.........|      |`.`.`|.``.|
                        |.........|      |.....|.`..|
                        |.........|      ---------.-|
                        |....<....|       |....|....|
                        |.........|     ---......`..|
                        |.........|     |>...``|``..|
                        |.........|     ---....|....|
                        -----------       -----------

CaptainEquinox the Fighter  St:17 Dx:15 Co:15 In:7 Wi:13 Ch:8  Neutral
Dlvl:5  $:375 HP:0(60) Pw:19(19) AC:2  Xp:6 T:2873 

Latest messages:
 The boulder suddenly rolls away from you!
 You hear a boulder fall.
 Click!  You trigger a rolling boulder trap!
 No boulder was released.
 You climb up the stairs.
 You see here a silver wand.
 Z - a silver wand.
 With great effort you move the boulder.
 With great effort you move the boulder.
 You see here a food ration.
 You see here a tripe ration.
 With great effort you move the boulder.
 The boulder suddenly rolls away from you!
 You hear a boulder fall.
 With great effort you move the boulder.
 The boulder suddenly rolls away from you!
 You hear a boulder fall.
 Please move the cursor to a monster, object or location.
 (For instructions type a '?')
 What do you want to throw? [$bozELR or ?*] z
 In what direction? 3
 The dagger hits the large dog.
 The large dog snaps wildly and misses!
 You miss the large dog.
 The large dog bites!
 You miss the large dog.
 The large dog bites!
 The large dog bites!
 You hit the large dog!
 The large dog misses!
 You miss the large dog.
 The large dog bites!
 You miss the large dog.
 The large dog bites!
 You miss the large dog.
 The large dog bites!
 You miss the large dog.
 The large dog misses!
 You hit the large dog!
 The large dog bites!
 What do you want to zap? [htYZ or ?*] ?
 In what direction? 3
 The large dog is suddenly moving faster.
 The large dog bites!
 You die...
 Do you want your possessions identified? [ynq] (y) y
 Do you want to see your attributes? [ynq] (y) y
 Do you want an account of creatures vanquished? [ynaq] (y) n
 Do you want to see your conduct and achievements? [ynq] (y) y
 Do you want to see the dungeon overview? [ynq] (y) y

Inventory:
 Coins    ('$')
  $ - 375 gold pieces
 Weapons  (')')
  z - 3 blessed +1 daggers
  b - a blessed +0 dagger (at the ready)
  E - 2 +0 daggers
  L - a +0 dwarvish spear
  o - a +0 orcish dagger
  a - a +1 spear (weapon in right hand)
  R - a +0 long sword
 Armor    ('[')
  M - an uncursed +0 dwarvish iron helm (being worn)
  F - an uncursed +0 pair of iron shoes (being worn)
  c - an uncursed +3 small shield (being worn)
  G - an uncursed +0 dwarvish cloak (being worn)
 Comestibles  ('%')
  d - 5 uncursed food rations
  u - an uncursed pancake
  s - an uncursed tripe ration
  K - a cursed tin of spinach
 Scrolls  ('?')
  n - 3 uncursed scrolls of earth named earth
  O - a cursed scroll of earth
  V - an uncursed scroll of enchant armor
  U - an uncursed scroll of magic mapping
 Potions  ('!')
  I - an uncursed potion of monster detection
  J - a cursed potion of oil
 Rings    ('=')
  N - an uncursed +1 ring of gain constitution (on right hand)
  X - an uncursed ring of stealth (on left hand)
 Wands    ('/')
  t - a wand of light (0:12)
  h - a wand of slow monster (0:4)
  Y - a wand of speed monster (0:3)
  Z - a wand of striking (0:4)
 Tools    ('(')
  W - an uncursed blindfold
  D - an uncursed leash
  C - a +0 pick-axe
  x - an uncursed skeleton key
 Gems/Stones  ('*')
  H - an uncursed dilithium crystal
  p - an uncursed garnet stone
  l - 3 uncursed worthless pieces of red glass
  y - an uncursed worthless piece of white glass
  f - a cursed worthless piece of white glass
  m - 2 uncursed worthless pieces of yellowish brown glass

CaptainEquinox the Valkyrie's attributes:

Background:
 You were a Fighter, a level 6 human Valkyrie.
 You were neutral, on a mission for Odin
 who was opposed by Tyr (lawful) and Loki (chaotic).
 You were right-handed.
 You were in Sokoban, on level 5.
 You entered the dungeon 2873 turns ago.
 You had 459 experience points, 181 more were needed to attain level 7.

Basics:
 You had 0 out of 60 hit points.
 You had all 19 energy points (spell power).
 Your armor class was 2.
 Your wallet contained 375 zorkmids.
 Autopickup was off.

Final Characteristics:
 Your strength was 17 (peak:18, limit:18/100).
 Your dexterity was 15 (limit:18).
 Your constitution was 15 (base:14, limit:18).
 Your intelligence was 7 (limit:18).
 Your wisdom was 13 (limit:18).
 Your charisma was 8 (limit:18).

Final Status:
 You weren't hungry.
 You were unencumbered.
 You were wielding a spear.
 You had basic skill with spear.

Final Attributes:
 You were piously aligned.
 Your items were somewhat protected from fire.
 You were cold resistant.
 Your items were somewhat protected from cold.
 You were telepathic.
 You were invisible.
 You were stealthy.
 You were warded.
 You are dead.

Miscellaneous:
 You didn't encounter any bones levels.
 Total elapsed playing time was 35 minutes and 17 seconds.

Major events:
 Turn
    1: CaptainEquinox the neutral human Valkyrie entered the dungeon
  763: entered the Gnomish Mines
  803: attained the rank of Skirmisher (level 3)
 2384: attained the rank of Fighter (level 6)
 2475: entered Sokoban
 2817: completed 1st Sokoban level
 2873: killed by a large dog

Spells:
 Name                 Level Category     Fail Retention
 slow monster           2   enchantment  100%  76%-100%

Skills:
 Fighting Skills
   bare handed combat [Unskilled]
   two weapon combat  [Unskilled]
   riding             [Unskilled]
 Weapon Skills
   dagger             [Basic]
   axe                [Unskilled]
   pick-axe           [Unskilled]
   short sword        [Unskilled]
   broadsword         [Unskilled]
   long sword         [Unskilled]
   two-handed sword   [Unskilled]
   saber              [Unskilled]
   hammer             [Unskilled]
   quarterstaff       [Unskilled]
   polearms           [Unskilled]
   spear              [Basic]
   trident            [Unskilled]
   lance              [Unskilled]
   sling              [Unskilled]
 Spellcasting Skills
   attack spells      [Unskilled]
   escape spells      [Unskilled]

Voluntary challenges:
 Character rerolling was not enabled.
 You never genocided any monsters.
 You never polymorphed an object.
 You never changed form.
 You used no wishes.
 You did not violate any of the special Sokoban rules.
Achievements:
 You entered the Gnomish Mines.
 You attained the rank of Skirmisher.
 You attained the rank of Fighter.
 You entered Sokoban.

 The Dungeons of Doom: levels 1 to 7
    Level 1:
       A fountain, a grave.
    Level 2:
       A sink, a grave.
    Level 3:
       A fountain.
       Stairs down to The Gnomish Mines.
    Level 4:
       An altar to Odin.
    Level 5:
       An altar to Odin, a fountain.
    Level 6:
    Level 7:
       A fountain.
       Stairs up to Sokoban, level 6.
 The Gnomish Mines:
    Level 4:
 Sokoban: levels 6 up to 5
    Level 5: <- You were here.
       Unsolved.
       Final resting place for
          you, killed by a large dog.
    Level 6:
       Solved.


Vanquished creatures:
  a human mummy
  a giant beetle
  2 leprechauns
 an orc mummy
  a dog
  a soldier ant
  a pony
  a gnome leader
  a gray ooze
  a floating eye
  3 dwarves
  a rothe
  a rabid rat
  a centipede
  2 giant bats
  2 orc zombies
 an acid blob
  a hobbit
  a hobgoblin
  a giant rat
  a cave spider
  2 yellow molds
 11 gnomes
  a gecko
  a jackal
  a fox
  a goblin
  a sewer rat
  2 grid bugs
  a lichen
  7 newts
54 creatures vanquished.

No species were genocided or became extinct.

Game over:
                       ----------
                      /          \
                     /    REST    \
                    /      IN      \
                   /     PEACE      \
                  /                  \
                  |  CaptainEquinox  |
                  |      375 Au      |
                  |   killed by a    |
                  |    large dog     |
                  |                  |
                  |                  |
                  |       2026       |
                 *|     *  *  *      | *
        _________)/\\_//(\/(/\)/\//\/|_)_______

Farvel CaptainEquinox the Valkyrie...

You died in Sokoban on dungeon level 5 with 2484 points,
and 375 pieces of gold, after 2873 moves.
You were level 6 with a maximum of 60 hit points when you died.

